 Dungeon Crawl Stone Soup version 0.28-a0-845-gfc338a8e3c (webtiles) character file.

Game seed: 279371812131727985

100796 Nixze the Eclecticist (level 15, -3/95 HPs)
             Began as a Deep Elf Hedge Wizard on Nov 13, 2021.
             Was a High Priest of Vehumet.
             Killed from afar by a deep elf zephyrmancer (27 damage)
             ... with a bolt of lightning
             ... on level 1 of the Elven Halls.
             The game lasted 02:51:30 (36284 turns).

Nixze the Eclecticist (Deep Elf Hedge Wizard)      Turns: 36284, Time: 02:51:31

Health: -3/95      AC: 11    Str:  9    XL:     15   Next: 81%
Magic:  31/36      EV: 17    Int: 24    God:    Vehumet [*****.]
Gold:   1014       SH:  6    Dex: 14    Spells: 2/44 levels left

rFire   + . .      SeeInvis .   i - staff of fire
rCold   + . .      Faith    .   Z - +0 buckler
rNeg    . . .      Spirit   .   S - +2 robe {Archmagi}
rPois   +          Reflect  .   l - +0 helmet
rElec   .          Harm     .   o - +0 cloak
rCorr   .          Rampage  .   W - +1 pair of gloves
Will    ++...      Archmagi +   h - +2 pair of boots {Fly}
Stlth   ++........              T - amulet "Uxefieka" {Acrobat rPois}
HPRegen 0.25/turn               C - ring of protection from cold
MPRegen 0.25/turn               N - ring of willpower

@: flying
A: no striking features
a: Renounce Religion


You were on level 1 of the Elven Halls.
You worshipped Vehumet.
Vehumet was extremely pleased with you.
You visited 5 branches of the dungeon, and saw 25 of its levels.
You also visited: Ice Cave and Volcano.

You collected 2621 gold pieces.
You spent 1607 gold pieces at shops.

Inventory:

Armour
 f - a +2 robe of willpower
 h - a +2 pair of boots of flying (worn)
 l - a +0 helmet (worn)
 o - a +0 cloak (worn)
 D - a +2 robe of resistance
 S - a +2 robe of the Archmagi (worn)
 W - a +1 pair of gloves (worn)
 X - the +0 kite shield of Philately {Str+2}
   (You found it on level 6 of the Lair of Beasts)

   Str:       It affects your strength (+2).
 Z - a +0 buckler (worn)
Magical Staves
 i - a staff of fire (weapon)
 t - a staff of air
 O - a staff of conjuration
Jewellery
 s - a ring of positive energy
 C - a ring of protection from cold (left hand)
 J - a ring of positive energy
 N - a ring of willpower (right hand)
 P - a +4 ring of protection
 Q - a ring of protection from fire
 R - a ring of see invisible
 T - the amulet "Uxefieka" (around neck) {Acrobat rPois}
   (You bought it in a shop on level 7 of the Dungeon)

   [amulet of the acrobat]

   It increases your evasion while moving and waiting.
   rPois:     It protects you from poison.
Wands
 q - a wand of digging (29)
 y - a wand of iceblast (8)
 G - a wand of flame (62)
 M - a wand of acid (28)
 U - a wand of paralysis (19)
Scrolls
 a - 6 scrolls of identify
 c - 2 scrolls of enchant weapon
 d - 2 scrolls of vulnerability
 e - 2 scrolls of holy word
 g - 2 scrolls of fear
 k - a scroll of torment {unknown}
 m - a scroll of amnesia
 n - a scroll of brand weapon
 u - a scroll of magic mapping
 w - 3 scrolls of enchant armour
 A - 11 scrolls of teleportation
 F - a scroll of fog {unknown}
 H - 2 scrolls of silence {unknown}
 K - 3 scrolls of immolation
 L - 2 scrolls of blinking {unknown}
 Y - 4 scrolls of acquirement {unknown}
Potions
 j - 14 potions of curing
 p - a potion of ambrosia
 r - a potion of cancellation
 v - 7 potions of mutation
 x - 2 potions of attraction
 z - 2 potions of berserk rage
 B - 5 potions of lignification
 E - a potion of magic
 I - 2 potions of brilliance
Miscellaneous
 b - a lightning rod (4/4)


   Skills:
 + Level 11.3 Fighting
 - Level 11.5 Dodging
 - Level 2.4 Stealth
 * Level 8.0 Shields
 - Level 15.0 Spellcasting
 - Level 10.0 Conjurations
 - Level 9.0 Hexes
 - Level 1.1 Summonings
 - Level 5.0 Translocations
 - Level 8.0 Fire Magic
 * Level 9.9 Air Magic
 - Level 10.0 Evocations


You had 2 spell levels left.
You knew the following spells:

 Your Spells              Type           Power      Damage    Failure   Level
a - Magic Dart            Conj           100%       1d8       1%          1
b - Blink                 Tloc           100%       N/A       1%          2
c - Call Imp              Summ           34%        N/A       3%          2
d - Slow                  Hex            100%       N/A       1%          1
e - Mephitic Cloud        Conj/Pois/Air  65%        N/A       1%          3
f - Searing Ray           Conj           100%       2d8       1%          2
g - Fulminant Prism       Conj/Hex       38%        3d18      1%          4
h - Inner Flame           Hex/Fire       93%        N/A       1%          3
i - Flame Wave            Conj/Fire      95%        3d16      1%          4
j - Freeze                Ice            100%       1d11      1%          1
k - Irradiate             Conj/Tmut      29%        3d23      3%          5
l - Lightning Bolt        Conj/Air       39%        1d57      1%          5
m - Iskenderun's Mystic   Conj/Tloc      69%        2d14      1%          4
n - Fireball              Conj/Fire      47%        3d19      1%          5

Your spell library contained the following spells:

 Spells                   Type           Power      Damage    Failure   Level
 Summon Small Mammal      Summ           100%       N/A       1%          1
 Static Discharge         Conj/Air       78%        N/A       1%          2
 Beastly Appendage        Tmut           54%        N/A       3%          1
 Wereblood                Tmut           27%        N/A       4%          2
 Conjure Flame            Conj/Fire      95%        6-21      1%          3
 Summon Guardian Golem    Hex/Summ       59%        N/A       1%          3
 Hailstorm                Conj/Ice       58%        3d13      1%          4
 Call Canine Familiar     Summ           34%        N/A       6%          3
 Spider Form              Tmut/Pois      27%        N/A       10%         3
 Lee's Rapid Deconstruct  Erth           13%        3d10*     22%         5
 Ice Form                 Ice/Tmut       27%        N/A       30%         4
 Maxwell's Capacitive Co  Air            39%        ∞         63%         8
 Simulacrum               Ice/Necr       13%        N/A       99%         6
 Polar Vortex             Ice            13%        N/A       100%        9


Dungeon Overview and Level Annotations

Branches:
Dungeon (12/15)            Temple (0/1) D:7            Lair (6/6) D:11
  Swamp (4/4) Lair:3        Snake (0/4) Lair:2        Slime (0/5) Lair:6
    Orc (2/2) D:12            Elf (1/3) Orc:2         IceCv (visited)
Volcano (visited)

Altars:
Ashenzari
Dithmenos
Makhleb
Nemelex Xobeh
Okawaru
Qazlal
Sif Muna
Trog
Vehumet
Wu Jian
Xom
Zin
The Shining One
Beogh
Jiyva
Lugonu

Shops:
D:5 !   D:7 (=*[   Orc:2 ==*(

Portals:
Abyss: Lair:6

Annotations:
Lair:1 1 runed translucent door
Lair:4 1 runed translucent door


Message History

Casting: Fireball (mildly dangerous; 1% risk of failure)
Confirm with . or Enter, or press ? or * to list all spells.
Aiming: Fireball (mildly dangerous; 1% risk of failure)
Press: ? - help, Shift-Dir - straight line, f - deep elf zephyrmancer
Aim: a deep elf zephyrmancer, wielding a +0 rapier You feel a strong surge of power!
The fireball explodes!
The fireball engulfs the deep elf zephyrmancer!!
The deep elf zephyrmancer is almost dead.
A deep elf archer comes into view.
It is wielding a +1 dagger of holy wrath.
Casting: Fireball (mildly dangerous; 1% risk of failure)
Confirm with . or Enter, or press ? or * to list all spells.
You don't have enough magic to cast this spell.
You can't go down here!
You fly upwards.
Welcome back to the Orcish Mines!
There is a staircase to the Elven Halls here.
You start resting.
HP restored.
You start resting.
Magic restored.
You fly downwards.
Welcome back to the Elven Halls!
The deep elf zephyrmancer gestures at you while chanting.
The bolt of lightning misses you. x2
The deep elf zephyrmancer points at you and mumbles some strange words.
The bolt of lightning misses you. The bolt of lightning hits you!!
There is a staircase back to the Mines here.
Casting: Fireball (mildly dangerous; 1% risk of failure)
Confirm with . or Enter, or press ? or * to list all spells.
Aiming: Fireball (mildly dangerous; 1% risk of failure)
Press: ? - help, Shift-Dir - straight line, f - deep elf zephyrmancer
Aim: a deep elf zephyrmancer, wielding a +0 rapier You feel a strong surge of power!
The fireball explodes!
The fireball engulfs the deep elf zephyrmancer!!!
The deep elf zephyrmancer is almost dead.
The deep elf zephyrmancer gestures at you while chanting.
The bolt of lightning hits you!! The bolt of lightning hits you!
* * * LOW HITPOINT WARNING * * *
You can't go down here!
The deep elf zephyrmancer casts a spell at you.
The bolt of lightning hits you!!
You die...

. )).
##))[######
....e[...@#
##..[######
... .


You could see a deep elf zephyrmancer.

Vanquished Creatures
  Rupert (Orc:2)
  A thorn hunter (Swamp:3)
  A fenstrider witch (Swamp:3)
  An azure jelly (Swamp:4)
  7 ghouls
  2 very ugly things (IceCv)
  A bunyip (Swamp:2)
  4 eleionomae
  A deep elf death mage (Elf:1)
  Josephine (Lair:4)
  A shambling mangrove (Swamp:2)
  9 hydras
  2 caustic shrike simulacra (IceCv)
  A boulder beetle (Lair:6)
  A ghost crab (Swamp:2)
  A catoblepas (Lair:3)
  A centaur warrior (Volcano)
  8 alligators
  3 death yaks (D:11)
  2 thrashing horrors (Lair:6)
  A hell knight (Volcano)
  2 large abominations (Lair:6)
  2 goliath frogs
  4 skeletal warriors
  4 spriggan druids
  A deep elf archer (Elf:1)
  Pikel (D:8)
  2 swamp dragons
  2 deep elf zephyrmancers (Elf:1)
  An orange crystal statue (IceCv)
  2 bog bodies
  An orc knight (Orc:2)
  4 deep elf pyromancers (Elf:1)
  11 orc sorcerers
  3 will-o-the-wisps
  A salamander (shapeshifter) (D:12)
  2 ugly things (Lair:6)
  6 black mambas
  8 elephants
  A torpor snail (Lair:4)
  14 cane toads
  2 smoke demons (Lair:6)
  Maggie (D:7)
  An unseen horror (D:10)
  3 kobold demonologists (D:12)
  A rime drake (Lair:6)
  4 freezing wraiths
  10 komodo dragons
  3 ancient zymes (Lair:6)
  4 trolls
  9 hornets
  8 tyrant leeches
  2 polar bears (Lair:3)
  22 blink frogs
  A dream sheep (Lair:6)
  A dream sheep (shapeshifter) (Lair:6)
  A meliai zombie (D:10)
  9 spriggans
  A ynoxinul (Lair:6)
  A wyvern (Lair:1)
  4 wraiths
  34 yaks
  A dire elephant simulacrum (IceCv)
  6 basilisks
  A steam dragon (D:7)
  7 vampire mosquitoes
  12 swamp worms
  2 chaos spawn (Lair:6)
  13 wargs
  2 nagas (Lair:2)
  16 water moccasins
  A harpy simulacrum (IceCv)
  An acid dragon (D:10)
  A hydra simulacrum (IceCv)
  An ice beast (D:6)
  2 swamp drakes
  14 orc warriors
  2 black bears
  5 ogres
  11 small abominations (Lair:6)
  9 centaurs
  A phantom (D:5)
  2 lemures (D:8)
  5 kobold brigands
  17 bullfrogs
  A gnoll sergeant (D:6)
  A scorpion (D:7)
  13 killer bees
  3 lindwurm simulacra (IceCv)
  4 howler monkeys
  4 wights (D:10)
  3 electric eels (Lair:4)
  A bullfrog zombie (D:5)
  A lava snake (Lair:4)
  A centaur zombie (D:9)
  A hound (D:4)
  A centaur skeleton (D:7)
  3 jellies
  A gnoll shaman (D:8)
  15 orc priests
  4 bullfrog skeletons
  2 iguanas (D:4)
  44 orc wizards
  9 hell rats
  Robin (D:1)
  17 gnolls
  3 adders
  3 river rats (D:11)
  A shadow imp (D:6)
  2 white imps
  An ufetubus (D:7)
  A dart slug (D:2)
  A worm (D:2)
  77 orcs
  5 endoplasms
  4 giant cockroaches
  15 goblins
  16 hobgoblins
  4 jackals (D:3)
  7 quokkas
  6 ball pythons
  7 bats
  4 frilled lizards
  23 kobolds
  10 rats
  4 bushes
  5 fulminant prisms
705 creatures vanquished.

Vanquished Creatures (others)
  2 bloated husks
  A shadow (D:12)
  A spriggan (Swamp:2)
  A briar patch (Swamp:3)
  A bush (D:6)
  30 foxfires
  189 fulminant prisms
  43 fungi
  52 plants
320 creatures vanquished.

Grand Total: 1025 creatures vanquished

Notes
Turn   | Place    | Note
-------+----------+-------------------------------------------
     0 | D:1      | Nixze the Deep Elf Hedge Wizard began the quest for the
                  | Orb.
     0 | D:1      | Reached XP level 1. HP: 10/10 MP: 7/7
   267 | D:1      | Reached XP level 2. HP: 15/15 MP: 5/9
  1433 | D:1      | Reached XP level 3. HP: 19/19 MP: 7/11
  1545 | D:1      | Learned a level 2 spell: Blink
  1548 | D:1      | Learned a level 2 spell: Call Imp
  1550 | D:1      | Learned a level 1 spell: Slow
  1554 | D:1      | Learned a level 3 spell: Mephitic Cloud
  1694 | D:2      | Reached skill level 5 in Spellcasting
  1890 | D:1      | Reached skill level 1 in Hexes
  2198 | D:2      | Noticed Robin
  2203 | D:2      | Reached XP level 4. HP: 24/24 MP: 8/13
  2433 | D:1      | Killed Robin
  2986 | D:2      | Reached XP level 5. HP: 28/28 MP: 9/14
  3041 | D:2      | Found a bloodstained altar of Trog.
  3606 | D:3      | Found a faded altar of an unknown god.
  3661 | D:3      | Noticed a black bear
  3674 | D:3      | Killed a black bear
  3777 | D:3      | Found a sparkling altar of Nemelex Xobeh.
  3903 | D:3      | Reached XP level 6. HP: 32/32 MP: 13/16
  4900 | D:3      | Learned a level 2 spell: Searing Ray
  5211 | D:4      | Reached skill level 6 in Spellcasting
  5332 | D:4      | Found a shadowy altar of Dithmenos.
  5341 | D:4      | Reached skill level 5 in Conjurations
  5644 | D:4      | Found a burning altar of Makhleb.
  5772 | D:5      | Entered Level 5 of the Dungeon
  5773 | D:5      | Found a glowing silver altar of Zin.
  5773 | D:5      | Noticed an angel
  5774 | D:5      | Found a shimmering altar of Xom.
  5958 | D:5      | Found Ruuceg's Distillery.
  5967 | D:5      | Bought a potion of heal wounds for 50 gold pieces
  5967 | D:5      | Bought a potion of lignification for 30 gold pieces
  6244 | D:5      | Found a radiant altar of Vehumet.
  6601 | D:5      | Reached XP level 7. HP: 35/36 MP: 9/18
  6792 | D:5      | Became a worshipper of Vehumet
  7084 | D:5      | Reached skill level 7 in Spellcasting
  7171 | D:6      | Noticed a komodo dragon
  7183 | D:5      | Reached skill level 1 in Fighting
  7281 | D:6      | Noticed a yak
  7281 | D:6      | Noticed a yak
  7281 | D:6      | Noticed a yak
  7281 | D:6      | Noticed a yak
  7300 | D:5      | Killed a yak
  7303 | D:5      | Killed a yak
  7304 | D:5      | Reached XP level 8. HP: 19/46 MP: 3/20
  7904 | D:6      | Reached skill level 5 in Dodging
  8031 | D:6      | Reached skill level 5 in Fighting
  8131 | D:6      | Learned a level 4 spell: Fulminant Prism
  8396 | D:6      | Killed a komodo dragon
  8397 | D:6      | Reached XP level 9. HP: 32/54 MP: 0/22
  9124 | D:7      | Found Ibly's Jewellery Emporium.
  9151 | D:7      | Noticed Maggie
  9193 | D:6      | Reached skill level 1 in Evocations
  9330 | D:6      | Reached * piety under Vehumet
  9330 | D:6      | Offered knowledge of Foxfire by Vehumet.
  9331 | D:6      | Reached skill level 5 in Hexes
  9602 | D:7      | Found Lescha's Antique Armour Shoppe.
  9650 | D:6      | Reached skill level 8 in Spellcasting
 10368 | D:7      | Killed Maggie
 10788 | D:7      | Found a stormy altar of Qazlal.
 10878 | D:7      | Found Rariust's General Store.
 10962 | D:7      | Found a staircase to the Ecumenical Temple.
 10988 | D:7      | Found Oplideo's Antique Weapon Boutique.
 11030 | D:7      | Found an iron altar of Okawaru.
 11201 | D:8      | Found a shimmering blue altar of Sif Muna.
 11260 | D:8      | Reached skill level 9 in Spellcasting
 11275 | D:8      | Reached XP level 10. HP: 60/60 MP: 17/25
 11321 | D:8      | Got Sif Muna's Compendium of Snow
 11362 | D:8      | Noticed Pikel
 11372 | D:8      | Killed Pikel
 11373 | D:8      | Reached skill level 5 in Evocations
 11757 | D:8      | Reached ** piety under Vehumet
 11772 | D:8      | Offered knowledge of Sandblast by Vehumet.
 12816 | D:8      | Found a broken altar of Ashenzari.
 12836 | D:8      | Found an ornate altar of the Wu Jian Council.
 14012 | D:9      | Offered knowledge of Inner Flame by Vehumet.
 14017 | D:9      | Learned a level 3 spell: Inner Flame
 14274 | D:10     | Entered Level 10 of the Dungeon
 14284 | D:10     | Reached skill level 1 in Fire Magic
 14756 | D:10     | Reached *** piety under Vehumet
 15106 | D:10     | Found a glowing golden altar of the Shining One.
 15538 | D:11     | Noticed a death yak
 15551 | D:11     | Killed a death yak
 15552 | D:11     | Reached skill level 10 in Spellcasting
 15552 | D:11     | Reached XP level 11. HP: 36/67 MP: 5/27
 15743 | D:11     | Found a staircase to the Lair.
 15750 | D:11     | Noticed a death yak
 15750 | D:11     | Noticed a death yak
 15774 | D:11     | Killed a death yak
 15779 | D:11     | Killed a death yak
 15780 | D:11     | Reached skill level 5 in Fire Magic
 15783 | D:11     | Offered knowledge of Flame Wave by Vehumet.
 15789 | D:11     | Learned a level 4 spell: Flame Wave
 16428 | Lair:1   | Entered Level 1 of the Lair of Beasts
 16436 | Lair:1   | Learned a level 1 spell: Freeze
 16697 | Lair:1   | Reached **** piety under Vehumet
 16698 | Lair:1   | Reached skill level 11 in Spellcasting
 16744 | Lair:1   | Found a dark tunnel.
 16749 | Volcano  | Entered a volcano
 16792 | Volcano  | Noticed a hell knight
 16802 | Volcano  | Killed a hell knight
 16802 | Volcano  | Offered knowledge of Ignite Poison by Vehumet.
 16849 | Volcano  | Noticed a centaur warrior
 16864 | Volcano  | Killed a centaur warrior
 17040 | Lair:1   | Found a runed translucent door.
 17189 | Lair:1   | Reached skill level 12 in Spellcasting
 17409 | D:7      | Bought the amulet "Uxefieka" {Acrobat rPois} for 453 gold
                  | pieces
 18177 | Lair:1   | Reached XP level 12. HP: 63/76 MP: 8/30
 18754 | Lair:2   | Found a staircase to the Snake Pit.
 19556 | Lair:3   | Noticed a catoblepas
 19567 | Lair:3   | Killed a catoblepas
 19759 | Lair:3   | Found a staircase to the Swamp.
 19775 | Lair:3   | Reached skill level 5 in Translocations
 21050 | Lair:4   | Reached ***** piety under Vehumet
 21274 | Lair:4   | Offered knowledge of Irradiate by Vehumet.
 21284 | Lair:4   | Learned a level 5 spell: Irradiate
 21416 | Lair:4   | Noticed Josephine
 21425 | Lair:4   | Killed Josephine
 21426 | Lair:4   | Reached skill level 10 in Dodging
 21426 | Lair:4   | Reached XP level 13. HP: 69/80 MP: 18/31
 21669 | Lair:4   | Reached skill level 10 in Conjurations
 21804 | Lair:4   | Found a runed translucent door.
 23492 | Lair:6   | Entered Level 6 of the Lair of Beasts
 23816 | Lair:6   | Reached skill level 13 in Spellcasting
 25186 | Lair:6   | Found a viscous altar of Jiyva.
 25187 | Lair:6   | Found a staircase to the Slime Pits.
 25813 | Lair:6   | Offered knowledge of Eringya's Noxious Bog by Vehumet.
 25814 | Lair:6   | Reached skill level 1 in Air Magic
 25820 | Lair:6   | Learned a level 5 spell: Lightning Bolt
 26314 | Lair:6   | Found a corrupted altar of Lugonu.
 26314 | Lair:6   | Found a one-way gate to the infinite horrors of the Abyss.
 26328 | Lair:6   | Got the Incunabulum of Glacial Envenoming
 26332 | Lair:6   | Identified the +0 kite shield of Philately {Str+2}
 26914 | D:11     | Reached skill level 10 in Fighting
 26914 | D:11     | Reached skill level 1 in Shields
 26914 | D:11     | Reached XP level 14. HP: 31/88 MP: 16/33
 27019 | D:12     | Found a staircase to the Orcish Mines.
 27112 | Orc:1    | Entered Level 1 of the Orcish Mines
 27449 | Orc:2    | Entered Level 2 of the Orcish Mines
 27461 | Orc:2    | Noticed Rupert
 27639 | Orc:2    | Reached skill level 10 in Evocations
 27667 | Orc:2    | Killed Rupert
 27988 | Orc:2    | Found a staircase to the Elven Halls.
 28142 | Orc:2    | Found Niyxzer's Antique Weapon Shoppe.
 28142 | Orc:2    | Found Pomeihet's General Store.
 28390 | Orc:2    | Found Fimuavaf's Jewellery Shoppe.
 28392 | Orc:2    | Found Esos's Jewellery Shop.
 28398 | Orc:2    | Reached skill level 14 in Spellcasting
 28528 | Orc:2    | Paralysed by an orc sorcerer for 5 turns
 29063 | Orc:2    | Bought a ring of positive energy for 300 gold pieces
 29063 | Orc:2    | Bought a ring of willpower for 375 gold pieces
 29072 | Orc:2    | Bought a ring of protection from fire for 250 gold pieces
 29111 | Orc:2    | Bought a +1 pair of gloves for 149 gold pieces
 29174 | D:12     | Offered knowledge of Ozocubu's Refrigeration by Vehumet.
 29307 | Swamp:1  | Entered Level 1 of the Swamp
 29464 | Swamp:1  | Reached skill level 5 in Air Magic
 29491 | Swamp:1  | Identified the +5 quarterstaff "Xoim Wel" {speed, Int+2
                  | Dex+4}
 31931 | Swamp:2  | Reached skill level 5 in Shields
 32295 | Swamp:1  | Learned a level 4 spell: Iskenderun's Mystic Blast
 33047 | Swamp:3  | Noticed a ghoul
 33064 | Swamp:3  | Killed a ghoul
 33065 | Swamp:3  | Reached XP level 15. HP: 93/93 MP: 3/35
 33243 | Swamp:3  | Noticed a thorn hunter
 33251 | Swamp:3  | Killed a thorn hunter
 33680 | Swamp:3  | Reached skill level 15 in Spellcasting
 33854 | Swamp:3  | Noticed a fenstrider witch
 33860 | Swamp:3  | Killed a fenstrider witch
 34477 | Swamp:4  | Entered Level 4 of the Swamp
 34592 | Swamp:3  | Offered knowledge of Fireball by Vehumet.
 35071 | Swamp:4  | Found a frozen archway.
 35071 | Swamp:4  | Noticed an azure jelly
 35076 | Swamp:4  | Killed an azure jelly
 35092 | IceCv    | Entered an ice cave
 35100 | IceCv    | Found a transporter.
 35130 | IceCv    | Learned a level 5 spell: Fireball
 35131 | IceCv    | Found a transporter.
 36123 | Elf:1    | Entered Level 1 of the Elven Halls
 36284 | Elf:1    | Killed from afar by a deep elf zephyrmancer

Illustrated notes

Levels and vault maps discovered:
D:1:      nicolae_arrival_somewhat_less_tricky_arrival, layout_basic,
          corexii_corridor_pit
D:2:      minmay_general_purpose_star, layout_loops_ring, minmay_hexomino_r4,
          uniq_robin
D:3:      layout_basic, mainiacjoe_overflow_surrounded_room,
          shapermc_ecumenical_altar_gd
D:4:      layout_cave_pools, makhleb_blood_cavern_becter,
          mainiacjoe_overflow_alcove_4
D:5:      layout_basic, grunt_temple_overflow_order_and_chaos_1,
          vehumet_altar_wand_db, serial_shops, nicolae_shop_stone
D:6:      layout_basic, kb_lookout_dungeons_type
D:7:      minmay_spotlight, layout_cave_pools,
          mainiacjoe_overflow_small_starburst, nicolae_qazlal_scattered_showers,
          minmay_temple_entry_glassed_door, serial_shops, kennysheep_mini,
          nicolae_stop_n_shop_2, nicolae_square_shop, nicolae_square_shop,
          uniq_maggie
D:8:      layout_basic, led_sif_book, mainiacjoe_overflow_catwalk_spiral,
          uniq_pikel
D:9:      layout_small_grid
D:10:     layout_grid_maze, nicolae_overflow_hidden_temple, nrook_campfire
D:11:     layout_irregular_city, dpeg_lair_monsters, serial_glass,
          glass_columns_c, glass_columns_b, feat_on_display,
          due_unseen_surprise, feat_on_display, item_on_display_a
D:12:     layout_small_grid, minmay_orc_entry_guard_dogs
Lair:1:   gammafunk_indiana_jones, layout_regular_city, enter_volcano_1
Lair:2:   layout_chaotic_city, guppyfry_snake_entry_garden,
          grunt_forest_stairs_basic, serial_bayou_pond_c
Lair:3:   layout_cave_pods, minmay_swamp_entry_worms,
          infiniplex_staircase_pool_2, grunt_megastairs_1, lemuel_fruit_fields,
          serial_bayou_shore_b
Lair:4:   gammafunk_mikee_crab_dinner, layout_gridlike, disabler_island,
          uniq_josephine
Lair:5:   layout_hall_layers
Lair:6:   hellmonk_lair_end_abyssal_woods, layout_small_grid,
          dpeg_slime_entry_enclosed_altar, serial_bayou_pond_b,
          grunt_megastairs_4, lemuel_fruit_fields
Swamp:1:  layout_falls_marsh, evilmike_swamp_ruin_house_2, swamp_pool3
Swamp:2:  layout_basic_swamp, nicolae_swamp_bean_lake
Swamp:3:  layout_basic_swamp, evilmike_swamp_ruin_house_1,
          statue_in_the_mist_lemuel
Swamp:4:  swamp_alternative, layout_basic_swamp,
          portal_ice_cave_entry_frozen_things, hangedman_swamp_diagram,
          uniq_kirke
Orc:1:    layout_caves
Orc:2:    st_orc_town, layout_caves, uniq_rupert
Elf:1:    eino_elf_arrival_shootout, layout_gridlike, evilmike_minifort,
          minivault_16

Skill      XL: |  1  2  3  4  5  6  7  8  9 10 11 12 13 14 15 |
---------------+----------------------------------------------+-----
Conjurations   | 2 3 4 5 6 9 10 | 10.0
Spellcasting   | 5 6 7 9 10 12 13 14 15 | 15.0
Hexes          | 1 2 3 4 7 9 |  9.0
Translocations | 2 3 5 |  5.0
Fighting       | 3 5 6 7 9 10 11 | 11.3
Dodging        | 4 7 10 11 | 11.5
Evocations     | 4 6 8 9 10 | 10.0
Fire Magic     | 4 8 |  8.0
Air Magic      | 2 7 9 |  9.9
Shields        | 1 5 8 |  8.0
Stealth        | |  2.4
Summonings     | |  1.1

Action                   |  1- 3 |  4- 6 |  7- 9 | 10-12 | 13-15 || total
-------------------------+-------+-------+-------+-------+-------++-------
Melee: Dagger            |       |    14 |       |       |       ||    14
       Staff             |       |     3 |     2 |     3 |    15 ||    23
 Cast: Magic Dart        |    84 |   217 |   149 |   409 |   387 ||  1246
       Mephitic Cloud    |     2 |     5 |    11 |    29 |    13 ||    60
       Slow              |     1 |    10 |    19 |    49 |    14 ||    93
       Blink             |     1 |     2 |     7 |     5 |    11 ||    26
       Call Imp          |       |     1 |       |       |       ||     1
       Searing Ray       |       |     3 |    26 |    34 |     6 ||    69
       Fulminant Prism   |       |       |     6 |    46 |   142 ||   194
       Inner Flame       |       |       |       |     2 |       ||     2
       Flame Wave        |       |       |       |    58 |    87 ||   145
       Irradiate         |       |       |       |     1 |   107 ||   108
       Lightning Bolt    |       |       |       |       |    21 ||    21
       Iskenderun's Myst |       |       |       |       |     8 ||     8
       Freeze            |       |       |       |       |     3 ||     3
       Fireball          |       |       |       |       |    21 ||    21
Evoke: Wand              |       |       |     8 |     1 |     5 ||    14
       Lightning rod     |       |       |       |       |     3 ||     3
  Use: Scroll            |       |     9 |     1 |     6 |     9 ||    25
       Potion            |       |       |     2 |       |     7 ||     9
Armor: Robe              |     4 |    11 |       |       |    44 ||    59
       Animal skin       |       |    29 |    34 |    11 |       ||    74
       Troll leather arm |       |       |       |    49 |    49 ||    98
Dodge: Dodged            |    15 |    74 |    91 |   161 |   302 ||   643
Block: Buckler           |       |       |       |       |    34 ||    34

Table legend: (Time is in decaauts)
 A = Elapsed time spent in this place.
 B = Non-inter-level travel time spent in this place.
 C = Inter-level travel time spent in this place.
 D = Time resting spent in this place.
 E = Time spent auto-exploring this place.
 F = Levels seen in this place.
 G = Mean time per level.
                   A        B        C        D        E       F      G
               +--------+--------+--------+--------+--------+-----+--------+
         Total |  36349 |  33759 |   2590 |  12885 |  15533 |  27 | 1346.3 |
       Dungeon |  17232 |  16272 |    960 |   6144 |   7742 |  12 | 1436.0 |
          Lair |  10189 |   9316 |    873 |   2580 |   5318 |   6 | 1698.2 |
         Swamp |   5771 |   5259 |    512 |   3307 |   1151 |   4 | 1442.8 |
  Orcish Mines |   2659 |   2416 |    243 |    720 |   1236 |   2 | 1329.5 |
   Elven Halls |     24 |     24 |      0 |      2 |      1 |   1 |   24.0 |
      Ice Cave |    215 |    215 |      0 |    132 |      0 |   1 |  215.0 |
       Volcano |    257 |    257 |      0 |      0 |     85 |   1 |  257.0 |
               +--------+--------+--------+--------+--------+-----+--------+

Top non-repeatable levels by time:
  Lair:6: 3050 daAuts
     D:6: 2739 daAuts
 Swamp:1: 2606 daAuts
     D:1: 2491 daAuts
     D:8: 2140 daAuts
   Orc:2: 1889 daAuts
  Lair:1: 1697 daAuts
  Lair:3: 1675 daAuts
  Lair:4: 1605 daAuts
 Swamp:3: 1592 daAuts
     D:5: 1420 daAuts
 Swamp:2: 1348 daAuts
     D:3: 1296 daAuts
    D:11: 1256 daAuts
     D:4: 1206 daAuts
